 Dungeon Crawl Stone Soup version 0.32-a0-841-g4648e6c457 (console) character file.

Game seed: 1317064670433215620

638694 jejorda2 the Gnoll Blade (level 27, 0/224 HPs)
             Began as a Gnoll Berserker on Mar 25, 2024.
             Was a High Priest of Trog.
             Killed from afar by a black draconian (5 damage)
             ... with a bolt of lightning
             ... on level 3 of the Realm of Zot on Mar 26, 2024.
             The game lasted 04:32:36 (78416 turns).

jejorda2 the Gnoll Blade (Gnoll Berserker)         Turns: 78416, Time: 04:32:37

Health: 0/224      AC: 56    Str: 35    XL:     27
Magic:  1/46       EV: 13    Int: 11    God:    Trog [*****.]
Gold:   6397       SH: 32    Dex: 13    Spells: 64/64 levels left

rFire   + . .        b - +9 broad axe (spect)
rCold   + + .        h - +7 tower shield {rC+}
rNeg    + . .        H - +14 crystal plate armour "Enweextutur" {rC+ Str+3 Stlth+}
rPois   +            i - +2 helmet {SInv}
rElec   +            n - +2 cloak {rPois}
rCorr   +            l - +2 pair of gloves {infuse}
SInv    +            T - +2 pair of boots
Will    +++++        S - amulet of Ceovunt {Reflect rElec rCorr Dex-2 Slay+5 SH+5}
Stlth   +            L - ring of protection from fire
HPRegen 1.57/turn    W - ring "Icov" {rElec rN+ Will+ Str+6 Int+3}
MPRegen 0.30/turn

%: reflection, infuse magic (1 MP)
@: about to teleport, strong-willed (expiring), on berserk cooldown,
regenerating (expiring), studying 3 skills
A: fangs 1, strong nose, distributed training, no potion heal 1
}: 4/15 runes: barnacled, slimy, silver, gossamer
a: Renounce Religion, Berserk, Trog's Hand, Brothers in Arms


You were on level 3 of the Realm of Zot.
You worshipped Trog.
Trog was extremely pleased with you.
You visited 10 branches of the dungeon, and saw 50 of its levels.
You visited 1 bazaar.
You also visited: Trove, Gauntlet, Ice Cave and Desolation.

You collected 10255 gold pieces.
You spent 3858 gold pieces at shops.

Inventory:

Hand Weapons
 a - a +9 heavy demon trident
 b - a +9 spectral broad axe (weapon)
Missiles
 q - 13 javelins (quivered)
 s - 5 darts of dispersal
 y - 8 throwing nets
 G - 18 atropa-tipped darts
 O - 22 curare-tipped darts
 Q - 15 boomerangs
 Z - 11 silver javelins
Armour
 h - a +7 tower shield of cold resistance (worn)
 i - a +2 helmet of see invisible (worn)
 l - a +2 pair of gloves of infusion (worn)
 n - a +2 cloak of poison resistance (worn)
 H - the +14 crystal plate armour "Enweextutur" (worn) {rC+ Str+3 Stlth+}
   (You found it on level 5 of the Pits of Slime)

   Str+3:     It affects your strength (+3).
   rC+:       It protects you from cold.
   Stlth+:    It makes you more stealthy.
 T - a +2 pair of boots (worn)
Jewellery
 w - a ring of flight
 L - a ring of protection from fire (left hand)
 S - the amulet of Ceovunt (around neck) {Reflect rElec rCorr Dex-2 Slay+5 SH+5}
   (You found it in the Desolation of Salt)

   [amulet of reflection]

   Reflect:   It reflects blocked missile attacks.
   Dex-2:     It affects your dexterity (-2).
   Slay+5:    It affects your accuracy & damage with ranged weapons and melee
   (+5).
   rElec:     It insulates you from electricity.
   rCorr:     It protects you from acid and corrosion.
   SH+5:      It affects your SH (+5).
 W - the ring "Icov" (right hand) {rElec rN+ Will+ Str+6 Int+3}
   (You bought it in a shop on level 5 of the Dungeon)

   [ring of strength]

   Str+6:     It affects your strength (+6).
   Int+3:     It affects your intelligence (+3).
   rElec:     It insulates you from electricity.
   rN+:       It protects you from negative energy.
   Will+:     It increases your willpower.
Wands
 m - a wand of mindburst (52)
 z - a wand of iceblast (65)
 E - a wand of digging (39)
 F - a wand of flame (171)
 P - a wand of paralysis (57)
 V - a wand of polymorph (21)
 X - a wand of light (31)
Scrolls
 c - 2 scrolls of revelation
 d - 15 scrolls of immolation
 f - 2 scrolls of silence
 j - a scroll of summoning
 t - 8 scrolls of blinking
 u - 4 scrolls of fog
 I - 5 scrolls of fear
 J - 15 scrolls of teleportation
 N - 11 scrolls of poison
Potions
 g - 15 potions of curing
 k - 10 potions of invisibility
 o - 6 potions of mutation
 p - 4 potions of cancellation
 r - 6 potions of haste
 v - 10 potions of ambrosia
 A - 7 potions of enlightenment
 B - 8 potions of attraction
 C - 6 potions of might
Miscellaneous
 x - a phial of floods
 D - a lightning rod (4/4)
 R - a tin of tremorstones (2/2)


   Skills:
 + Level 20.3 Fighting
 + Level 19.4 Short Blades
 + Level 25.3 Long Blades
 + Level 19.4 Axes
 + Level 19.4 Maces & Flails
 + Level 20.3 Polearms
 + Level 19.4 Staves
 + Level 19.4 Ranged Weapons
 + Level 21.4 Throwing
 + Level 19.8 Armour
 + Level 19.8 Dodging
 + Level 19.4 Stealth
 + Level 19.4 Shields
 + Level 21.2 Unarmed Combat
 + Level 19.4 Spellcasting
 + Level 16.5 Conjurations
 + Level 16.5 Hexes
 + Level 16.5 Summonings
 + Level 16.5 Necromancy
 + Level 16.5 Translocations
 + Level 16.5 Fire Magic
 + Level 16.5 Ice Magic
 + Level 16.5 Air Magic
 + Level 16.5 Earth Magic
 + Level 16.5 Alchemy
 + Level 21.0 Invocations
 + Level 19.4 Evocations
 + Level 17.9 Shapeshifting


You had 64 spell levels left.
You didn't know any spells.
Your spell library was empty.

Dungeon Overview and Level Annotations

Branches:
Dungeon (15/15)            Temple (0/1) D:6            Lair (5/5) D:8
 Shoals (4/4) Lair:2       Spider (4/4) Lair:3        Slime (5/5) Lair:5
    Orc (2/2) D:11            Elf (3/3) Orc:2        Vaults (5/5) D:13
  Crypt (0/3) Vaults:3     Depths (4/4) D:15            Zot (3/5) Depths:4
  IceCv (visited)         Desolation (visited)      Gauntlet (visited)

Altars:
Cheibriados
Elyvilon
Kikubaaqudgha
Makhleb
Nemelex Xobeh
Okawaru
Qazlal
Uskayaw
Vehumet
Wu Jian
Xom
Yredelemnul
Zin
The Shining One
Beogh
Jiyva
Lugonu

Shops:
D:5 =   D:7 :   D:8 *   Orc:1 [   Orc:2 (:[!   Shoals:2 **   Shoals:4 (
Vaults:4 ![*!

Portals:
Hell: Depths:1 Depths:2 Depths:3 Depths:4
Abyss: Vaults:3 Depths:1 Depths:2 Depths:3 Depths:4
Pandemonium: Depths:2 Depths:4
Ziggurat: Depths:3

Annotations:
D:12 3 runed translucent doors, jamsaran's ghost, journeyman TeSu
Shoals:1 3 runed translucent doors, Epa Xiel's ghost, adept DsWn
Vaults:3 2 transporters, Wiephyun's ghost, veteran GnHu
Zot:3 Tiamat


Innate Abilities, Weirdness & Mutations

You have very sharp teeth.
Your uncanny sense of smell can sniff out nearby items.
Your experience applies equally to all skills.
Potions are less effective at restoring your health.


Message History

The black draconian knight breathes lightning at you.
The bolt of lightning hits you. You resist.
* * * LOW HITPOINT WARNING * * *
The bolt of lightning hits you! You resist.
* * * LOW HITPOINT WARNING * * *
The bolt of lightning hits the black draconian knight.
The black draconian knight completely resists.
Tiamat closely misses you.
Unknown command.
You puncture the black draconian knight!
The black draconian knight is almost dead.
The black draconian knight hits you with a +0 long sword!
* * * LOW HITPOINT WARNING * * *
You feel a bond with your +9 spectral broad axe.
b - a +9 spectral broad axe (weapon)
Tiamat hits you but does no damage.
The black draconian knight points at you and mumbles some strange words.
The shard of ice hits you but does no damage.
The black draconian knight gestures at you while chanting.
The bolt of cold hits you! You resist.
* * * LOW HITPOINT WARNING * * *
As you read the scroll of fear, it crumbles to dust.
You assume a fearsome visage.
Tiamat easily resists.
The purple draconian resists with almost no effort.
The black draconian knight looks frightened! x2
You feel the effects of Trog's Hand fading.
The black draconian knight casts a spell.
The black draconian knight flickers and vanishes for a moment.
Tiamat hits you but does no damage.
Unknown command.
Unknown command.
You slice the black draconian!!
The black draconian is almost dead.
You hit the black draconian knight but do no damage.
Your attack snaps the black draconian knight out of its fear.
Your +9 spectral broad axe misses the black draconian knight.
You block Tiamat's attack.
The black draconian breathes lightning at you.
The bolt of lightning hits you. You resist.
You die...

,,,*,,,,#.*,..#* ##....^##..#
,,**+*,,d..###.######...#..##..#
,**,,**,.§d....§(........#.##..#
**,,,,**.q...dpq....q....#..#..#
*,,,<,,+,.#..##d#d§.######....##
*,,,,,,***,**#p#ddd##,,,*#....#
**,,,,**,,,,*#d#qd##,,*,,##...#
,**,,**,,,*,###d###,,,,,,,#...#
,,**+*,,,*,*#.q.@.+,,,*,*,+...#
*,,,,,,,,......(..#,,,,,,,#..##
**,,,,,,..........#*,,,,,*#..#
,*,,****###.###....**,,,**..##
,+,,* ****##*∆......**+**...#
**,,* *,,***,.?##....,,*∆..##
*,,,* *,**,,,##*,.##..,*#..*
*******,,,,****,,##*..#*..#*
*,,*****,,,***,,**,,**


You could see Tiamat, a Killer Klown, a black draconian knight (fast,
invisible), a black draconian (catching breath) and a friendly +9 spectral broad
axe.

Vanquished Creatures
  the Royal Jelly (Slime:5)
  2 dread liches (Vaults:5)
  An orb of fire (Zot:1)
  Mara (Vaults:3)
  Mennas (Depths:3)
  The ghost of Siopp the Slayer, a legendary DsFi of Qazlal (Zot:1)
  Sojobo (Vaults:4)
  Margery (Vaults:2)
  3 curse toes (Zot:1)
  3 caustic shrikes (Depths:3)
  5 golden dragons
  Nikola (Depths:1)
  3 electric golems (Zot:2)
  19 tentacled monstrosities
  Zenata (Vaults:1)
  Mlioglotl (Shoals:2)
  A walking earthen tome (Depths:3)
  Jorgrun (Shoals:2)
  A hellephant (Vaults:2)
  4 liches
  3 deep elf blademasters
  The ghost of jestert79 the Metamorph, an adept DrSh of Wu Jian (Shoals:3)
  4 walking frostbound tomes
  3 walking crystal tomes
  4 quicksilver dragons
  13 titans
  Asterion (Elf:1)
  2 deep elf master archers (Elf:3)
  20 acid blobs
  A walking divine tome (Depths:3)
  4 sphinxes
  The ghost of Feshunla the Bewitcher, an adept KoEn of Dithmenos (Vaults:4)
  3 krakens
  7 death cobs
  13 shadow dragons
  14 tengu reavers
  Ilsuiw (Shoals:2)
  9 storm dragons
  7 protean progenitors
  12 rockslimes
  6 azure jellies
  10 fire giants
  4 draconian monks
  10 deep elf sorcerers
  4 iron dragons
  7 ghost moths
  3 draconian knights
  15 vault wardens
  14 frost giants
  4 draconian scorchers
  A balrug (Depths:2)
  10 deep elf elementalists (Elf:3)
  2 angels (Elf:2)
  A reaper (IceCv)
  4 draconian shifters
  6 emperor scorpions
  3 draconian stormcallers
  6 orc warlords
  14 ironbound preservers
  4 draconian annihilators
  5 broodmothers
  26 stone giants
  2 formless jellyfish
  24 very ugly things
  3 spriggan defenders
  10 quicksilver oozes
  7 ironbound thunderhulks
  10 green draconians
  4 deep elf death magi
  9 deep elf demonologists
  3 war gargoyles
  8 deep elf annihilators
  A vampire knight (D:15)
  9 white draconians
  5 black draconians
  A minotaur (Gauntlet)
  4 yellow draconians
  8 dire elephants
  6 red draconians
  3 halazid warlocks (Desolation)
  Snorg (Lair:4)
  17 spark wasps
  6 purple draconians
  13 ettins
  3 jiangshi (Depths:1)
  3 merfolk javelineers
  A green death (Gauntlet)
  4 merfolk impalers
  2 crystal guardians
  9 ragged hierophants (Desolation)
  7 entropy weavers
  15 fire dragons
  Harold (D:9)
  33 vault guards
  5 yaktaur captains
  7 great orbs of eyes
  11 peacekeepers
  2 hydras
  9 deep elf high priests
  12 ice dragons
  9 rakshasas
  An entropy weaver (shapeshifter) (Elf:1)
  A sphinx zombie (D:15)
  A catoblepas (Depths:4)
  11 servants of whispers (Desolation)
  2 radroaches
  11 ironbound frosthearts
  3 ogre magi
  5 alligator snapping turtles
  8 jorogumos
  5 spriggan air magi
  2 merfolk aquamancers
  2 anacondas (Zot:1)
  20 centaur warriors
  A death knight (D:15)
  9 two-headed ogres
  9 boulder beetles
  8 satyrs
  9 deep troll shamans
  2 hell hogs (Lair:5)
  6 merfolk avatars
  39 dancing weapons
  6 tengu warriors
  2 vampire magi
  15 death yaks
  8 occultists
  7 demonic crawlers
  4 deep troll earth magi
  2 orc high priests
  25 deep elf knights
  A sun demon (Depths:3)
  Sonja (Lair:5)
  5 hell knights
  A spriggan berserker (Depths:1)
  A skyshark (Lair:3)
  A fire crab (Gauntlet)
  2 shadow wraiths
  7 iron trolls
  10 pharaoh ants
  A skeletal warrior (D:15)
  57 deep trolls
  A salamander mystic (Depths:3)
  A sixfirhy (Depths:2)
  3 glowing orange brains (shapeshifter)
  14 sea snakes
  2 flayed ghosts
  2 sun moths
  9 phantasmal warriors
  4 arcanists
  4 glowing orange brains
  2 shadow demons (Depths:4)
  9 orb spiders
  12 deep elf archers
  An orb spider (shapeshifter) (Depths:2)
  19 harpies
  9 lindwurms
  21 ironbound convokers
  A thermic dynamo (Elf:1)
  13 necromancers
  9 steelbarb worms
  5 orc sorcerers
  22 deep elf zephyrmancers
  An oklob plant (Lair:3)
  11 orc knights
  3 salamanders (Depths:3)
  26 deep elf pyromancers
  19 fauns
  25 ugly things
  3 shining eyes (Slime:5)
  25 wolf spiders
  2 shining eyes (shapeshifter)
  11 cyclopes
  An ice statue (IceCv)
  15 moths of wrath
  17 manticores
  7 black mambas
  A mana viper (shapeshifter) (Vaults:5)
  3 elephants (Lair:4)
  4 guardian serpents (Desolation)
  4 water nymphs
  A centaur zombie (D:15)
  6 molten gargoyles
  10 merfolk sirens
  A torpor snail (shapeshifter) (Vaults:5)
  3 kobold blastminers (Orc:2)
  An eye of devastation (Slime:4)
  3 gargoyles
  2 smoke demons (Depths:4)
  An orange demon (Gauntlet)
  5 torpor snails
  15 vault sentinels
  4 unseen horrors (Zot:1)
  A kobold demonologist (D:12)
  A rime drake (Lair:3)
  A tormentor (Depths:2)
  An efreet (D:15)
  13 cane toads
  15 komodo dragons
  A freezing wraith (Vaults:5)
  42 yaktaurs
  2 anaconda simulacra (IceCv)
  6 tengu conjurers
  28 merfolk
  12 trolls
  4 polar bears
  5 wind drakes
  Grinder (D:3)
  27 blink frogs
  A wolf spider simulacrum (D:15)
  74 saltlings (Desolation)
  A tyrant leech (Zot:2)
  8 hornets
  43 tarantellas
  9 dream sheep
  12 snapping turtles
  Sigmund (D:4)
  3 glass eyes
  A centaur simulacrum (D:14)
  3 air elementals
  26 jumping spiders
  A dire elephant simulacrum (IceCv)
  A shadow (D:11)
  A spriggan (Depths:2)
  20 culicivoras
  A spriggan (shapeshifter) (D:14)
  9 water elementals
  18 humans (D:13)
  90 slime creatures
  A yak (shapeshifter) (Elf:1)
  6 wyverns
  91 yaks
  A vampire (D:10)
  4 wraiths
  10 basilisks
  4 fire bats (Gauntlet)
  4 fire elementals
  3 steam dragons
  A warg (Orc:2)
  11 vampire mosquitoes
  Menkaure (D:6)
  A death yak simulacrum (IceCv)
  54 redbacks
  2 harpy simulacra (IceCv)
  2 hydra simulacra (IceCv)
  An acid dragon (D:13)
  15 water moccasins
  3 hell hounds (Lair:5)
  2 black bears
  48 orc warriors
  An ice beast (D:5)
  2 sky beasts (D:7)
  An ice beast (shapeshifter) (Vaults:5)
  9 wolves
  8 ogres
  17 centaurs
  A centaur (shapeshifter) (Vaults:5)
  A phantom (D:7)
  A kobold brigand (D:7)
  33 scorpions
  15 bullfrogs
  2 gnoll sergeants
  7 two-headed ogre simulacra (IceCv)
  A cane toad simulacrum (IceCv)
  11 wights
  3 elephant simulacra (IceCv)
  5 howler monkeys
  10 electric eels
  5 lava snakes (Lair:5)
  5 hounds
  7 jellies
  17 orc priests
  A gnoll bouda (Lair:5)
  4 sleepcaps
  Ijyb (D:4)
  Terence (D:3)
  24 orc wizards
  2 iguanas
  Natasha (thrice) (D:3)
  5 polar bear simulacra (IceCv)
  7 spriggan simulacra (IceCv)
  7 troll simulacra (IceCv)
  2 wolf simulacra (IceCv)
  A mummy (D:5)
  Robin (D:3)
  20 gnolls
  7 naga simulacra (IceCv)
  10 adders
  A shadow imp (D:5)
  4 white imps
  8 ufetubi
  2 dart slugs
  A ribbon worm (D:4)
  92 orcs
  4 ball pythons
  14 endoplasms
  4 giant cockroaches
  17 goblins
  10 hobgoblins
  3 jackals (D:2)
  2 quokkas
  7 bats
  6 frilled lizards
  A hobgoblin zombie (D:5)
  9 kobolds
  3 orc zombies (D:5)
  4 rats
  An aspiring flesh (Zot:2)
  9 tentacles
2533 creatures vanquished.

Vanquished Creatures (collateral kills)
  An emperor scorpion (Spider:4)
  A vault warden (Vaults:5)
  An ironbound preserver (Vaults:5)
  A spark wasp (Spider:4)
  A merfolk impaler (Shoals:4)
  A vault guard (Vaults:5)
  2 merfolk aquamancers (Shoals:4)
  2 death yaks
  A pharaoh ant (Spider:2)
  A sea snake (Shoals:4)
  A deep troll (Vaults:5)
  A sun moth (Spider:4)
  A harpy (Shoals:4)
  A merfolk siren (Shoals:4)
  A merfolk (Shoals:4)
  A tarantella (Spider:2)
  A jumping spider (Spider:2)
  A culicivora (Spider:2)
  3 orc warriors (Orc:2)
  A centaur (Orc:2)
24 creatures vanquished.

Vanquished Creatures (others)
  A draconian scorcher (Zot:2)
  A vampire knight (Depths:2)
  An ogre mage (Vaults:5)
  A deep elf zephyrmancer (Elf:2)
  A water elemental (Elf:1)
  84 spectral weapons
  27 tentacles
116 creatures vanquished.

Grand Total: 2673 creatures vanquished

Notes
Turn   | Place    | Note
-------+----------+-------------------------------------------
     0 | D:1      | jejorda2 the Gnoll Berserker began the quest for the Orb.
     0 | D:1      | Reached XP level 1. HP: 23/23 MP: 1/1
    58 | D:1      | Reached XP level 2. HP: 25/29 MP: 2/2
   270 | D:1      | Reached XP level 3. HP: 35/35 MP: 3/3
   427 | D:1      | Reached skill level 1 in Invocations
   517 | D:1      | Reached ** piety under Trog
   604 | D:2      | Reached skill level 1 in Short Blades
   604 | D:2      | Reached skill level 1 in Long Blades
   604 | D:2      | Reached skill level 1 in Axes
   604 | D:2      | Reached skill level 1 in Maces & Flails
   604 | D:2      | Reached skill level 1 in Staves
   604 | D:2      | Reached skill level 1 in Ranged Weapons
   604 | D:2      | Reached skill level 1 in Throwing
   604 | D:2      | Reached skill level 1 in Stealth
   604 | D:2      | Reached skill level 1 in Shields
   604 | D:2      | Reached skill level 1 in Unarmed Combat
   604 | D:2      | Reached skill level 1 in Spellcasting
   604 | D:2      | Reached skill level 1 in Evocations
   607 | D:2      | Reached skill level 1 in Shapeshifting
   607 | D:2      | Reached XP level 4. HP: 41/41 MP: 5/5
   716 | D:2      | Reached skill level 1 in Conjurations
   716 | D:2      | Reached skill level 1 in Hexes
   716 | D:2      | Reached skill level 1 in Summonings
   716 | D:2      | Reached skill level 1 in Necromancy
   716 | D:2      | Reached skill level 1 in Translocations
   716 | D:2      | Reached skill level 1 in Fire Magic
   716 | D:2      | Reached skill level 1 in Ice Magic
   716 | D:2      | Reached skill level 1 in Air Magic
   716 | D:2      | Reached skill level 1 in Earth Magic
   716 | D:2      | Reached skill level 1 in Alchemy
   755 | D:2      | Found a shimmering altar of Xom.
  1479 | D:3      | Reached XP level 5. HP: 47/47 MP: 7/7
  1493 | D:3      | Noticed Natasha
  1499 | D:3      | Killed Natasha
  1532 | D:3      | Noticed Natasha
  1538 | D:3      | Noticed Grinder
  1544 | D:3      | Killed Natasha
  1595 | D:3      | Noticed Terence
  1595 | D:3      | Noticed Robin
  1644 | D:3      | Paralysed by Grinder for 4 turns
  1662 | D:3      | Killed Grinder
  1663 | D:3      | Reached skill level 2 in Long Blades
  1663 | D:3      | Reached skill level 5 in Armour
  1663 | D:3      | Reached skill level 5 in Dodging
  1663 | D:3      | Reached XP level 6. HP: 53/53 MP: 7/9
  1704 | D:3      | Killed Terence
  1705 | D:3      | Reached XP level 7. HP: 60/60 MP: 10/10
  1752 | D:3      | Noticed Natasha
  1759 | D:3      | Killed Natasha
  1759 | D:3      | Reached *** piety under Trog
  1902 | D:3      | Killed Robin
  2175 | D:4      | Noticed Ijyb
  2193 | D:4      | Killed Ijyb
  2352 | D:4      | Noticed Sigmund
  2365 | D:4      | Killed Sigmund
  2814 | D:5      | Entered Level 5 of the Dungeon
  2931 | D:5      | Reached skill level 3 in Long Blades
  2931 | D:5      | Reached XP level 8. HP: 67/67 MP: 12/12
  3046 | D:5      | You fall into a shaft and drop 2 floors!
  3343 | D:7      | Found a glowing golden altar of the Shining One.
  3416 | D:7      | Found Mocun's Book Emporium.
  3669 | D:7      | Reached XP level 9. HP: 58/73 MP: 14/14
  3722 | D:7      | Reached skill level 4 in Long Blades
  4688 | D:6      | Noticed Menkaure
  4694 | D:6      | Killed Menkaure
  4694 | D:6      | Reached **** piety under Trog
  4701 | D:6      | Found a staircase to the Ecumenical Temple.
  5236 | D:5      | Reached skill level 5 in Invocations
  5402 | D:5      | Found a sparkling altar of Nemelex Xobeh.
  5451 | D:5      | Found Tunoefon's Jewellery Shop.
  5656 | D:5      | Found a snail-covered altar of Cheibriados.
  5657 | D:5      | Found an ornate altar of the Wu Jian Council.
  6020 | D:8      | Found a staircase to the Lair.
  6020 | D:8      | Noticed a komodo dragon
  6037 | D:8      | Killed a komodo dragon
  6038 | D:8      | Reached skill level 5 in Short Blades
  6038 | D:8      | Reached skill level 5 in Long Blades
  6038 | D:8      | Reached skill level 5 in Axes
  6038 | D:8      | Reached skill level 5 in Maces & Flails
  6038 | D:8      | Reached skill level 5 in Staves
  6038 | D:8      | Reached skill level 5 in Ranged Weapons
  6038 | D:8      | Reached skill level 5 in Throwing
  6038 | D:8      | Reached skill level 5 in Stealth
  6038 | D:8      | Reached skill level 5 in Shields
  6038 | D:8      | Reached skill level 5 in Unarmed Combat
  6038 | D:8      | Reached skill level 5 in Spellcasting
  6038 | D:8      | Reached skill level 5 in Evocations
  6038 | D:8      | Reached XP level 10. HP: 29/81 MP: 17/17
  6233 | D:8      | Found Meroq's Assorted Antiques.
  6316 | D:8      | Found a shimmering altar of Xom.
  6438 | D:8      | Bought a steel ring for 135 gold pieces
  6438 | D:8      | Bought a fuming amethyst potion for 24 gold pieces
  7159 | D:9      | Reached skill level 5 in Shapeshifting
  7219 | D:9      | Noticed Harold
  7236 | D:9      | Killed Harold
  7535 | D:9      | Reached skill level 6 in Long Blades
  7539 | D:9      | Reached skill level 5 in Conjurations
  7539 | D:9      | Reached skill level 5 in Hexes
  7539 | D:9      | Reached skill level 5 in Summonings
  7539 | D:9      | Reached skill level 5 in Necromancy
  7539 | D:9      | Reached skill level 5 in Translocations
  7539 | D:9      | Reached skill level 5 in Fire Magic
  7539 | D:9      | Reached skill level 5 in Ice Magic
  7539 | D:9      | Reached skill level 5 in Air Magic
  7539 | D:9      | Reached skill level 5 in Earth Magic
  7539 | D:9      | Reached skill level 5 in Alchemy
  7539 | D:9      | Reached XP level 11. HP: 85/89 MP: 18/20
  7861 | D:9      | Identified a scroll of acquirement
  7861 | D:9      | Acquired a +1 demon trident of venom
  7982 | D:10     | Entered Level 10 of the Dungeon
  8796 | D:11     | Noticed a white ugly thing
  8796 | D:11     | Noticed a manticore
  8804 | D:11     | Killed a white ugly thing
  8810 | D:11     | Killed a manticore
  9046 | D:11     | Found a roughly hewn altar of Beogh.
  9106 | D:11     | Noticed a red ugly thing
  9114 | D:11     | Killed a red ugly thing
  9287 | D:11     | Reached skill level 7 in Long Blades
  9398 | D:11     | Reached XP level 12. HP: 97/97 MP: 22/22
  9670 | D:11     | Found a staircase to the Orcish Mines.
  9841 | Lair:1   | Entered Level 1 of the Lair of Beasts
 10595 | Lair:1   | Reached skill level 10 in Fighting
 10595 | Lair:1   | Reached skill level 10 in Polearms
 11402 | Lair:2   | Paralysed by a hornet for 3 turns
 11407 | Lair:2   | Paralysed by a hornet for 2 turns
 11930 | Lair:2   | Reached skill level 8 in Long Blades
 12367 | Lair:2   | Reached XP level 13. HP: 99/104 MP: 25/25
 13158 | Lair:3   | Reached ***** piety under Trog
 13517 | Lair:3   | Found a hole to the Spider Nest.
 13538 | Lair:3   | Identified the +0 spear "Sack" {freeze, Str+3 Dex+3}
 13769 | Lair:3   | Reached skill level 9 in Long Blades
 14414 | Lair:3   | Reached skill level 10 in Armour
 14414 | Lair:3   | Reached skill level 10 in Dodging
 15200 | Lair:4   | Found an ornate altar of the Wu Jian Council.
 15201 | Lair:4   | Found a hide-covered altar of Uskayaw.
 15204 | Lair:4   | Noticed Snorg
 15233 | Lair:4   | Killed Snorg
 15239 | Lair:4   | Reached skill level 10 in Long Blades
 15263 | Lair:4   | Reached XP level 14. HP: 83/113 MP: 27/27
 15269 | Lair:4   | Reached skill level 10 in Invocations
 15270 | Lair:4   | Identified the +2 plate armour of Defiance {Harm rCorr}
 16203 | Lair:5   | Entered Level 5 of the Lair of Beasts
 16324 | Lair:5   | Found a frozen archway.
 16393 | IceCv    | Entered an ice cave
 16641 | IceCv    | Received a gift from Trog
 17280 | IceCv    | Noticed a reaper
 17354 | IceCv    | Killed a reaper
 17360 | IceCv    | Reached skill level 11 in Long Blades
 18187 | Lair:5   | Reached skill level 10 in Short Blades
 18187 | Lair:5   | Reached skill level 10 in Axes
 18187 | Lair:5   | Reached skill level 10 in Maces & Flails
 18187 | Lair:5   | Reached skill level 10 in Staves
 18187 | Lair:5   | Reached skill level 10 in Ranged Weapons
 18187 | Lair:5   | Reached skill level 10 in Throwing
 18187 | Lair:5   | Reached skill level 10 in Stealth
 18187 | Lair:5   | Reached skill level 10 in Shields
 18187 | Lair:5   | Reached skill level 10 in Unarmed Combat
 18187 | Lair:5   | Reached skill level 10 in Spellcasting
 18187 | Lair:5   | Reached skill level 10 in Evocations
 18297 | Lair:5   | Found a large runed translucent door.
 18297 | Lair:5   | Found a large runed translucent door.
 18379 | Lair:5   | Reached XP level 15. HP: 119/120 MP: 27/29
 18548 | Lair:5   | Found the +4 consecrated labrys {holy, Valiant ^Fragile Fly
                  | SInv}
 18860 | Lair:5   | Found a viscous altar of Jiyva.
 18868 | Lair:5   | Noticed Sonja
 18879 | Lair:5   | Killed Sonja
 18936 | Lair:5   | Found a staircase to the Slime Pits.
 20186 | D:12     | Reached skill level 12 in Long Blades
 20472 | D:12     | Received a gift from Trog
 20669 | D:12     | Found a runed translucent gate.
 20669 | D:12     | Found a runed translucent gate.
 20669 | D:12     | Found a runed translucent gate.
 20670 | D:12     | Noticed jamsaran's ghost (journeyman TeSu)
 20671 | D:12     | Identified the +4 glaive "Zopt" {freeze, rF- Will+ Int+4
                  | Dex+3}
 20675 | D:12     | Found an iron altar of Okawaru.
 22215 | D:13     | Paralysed by a human for 5 turns
 22270 | D:13     | Found a gate to the Vaults.
 23161 | D:14     | Received a gift from Trog
 23755 | D:15     | Entered Level 15 of the Dungeon
 23829 | D:15     | Reached skill level 10 in Shapeshifting
 23832 | D:15     | Found a gate leading to a gauntlet.
 23837 | Gauntlet | Entered a Gauntlet
 23837 | Gauntlet | Found a transporter.
 23837 | Gauntlet | Found a transporter.
 23924 | Gauntlet | Found a transporter.
 23924 | Gauntlet | Found a transporter.
 23926 | Gauntlet | Found a large runed translucent door.
 23927 | Gauntlet | Found a large runed translucent door.
 23928 | Gauntlet | Found a large runed translucent door.
 23928 | Gauntlet | Found a large runed translucent door.
 23928 | Gauntlet | Found a runed translucent door.
 23928 | Gauntlet | Found a runed translucent door.
 23929 | Gauntlet | Found a large runed translucent door.
 23929 | Gauntlet | Found a large runed translucent door.
 23929 | Gauntlet | Found a large runed translucent door.
 23929 | Gauntlet | Found a large runed translucent door.
 23930 | Gauntlet | Found a large runed translucent door.
 23931 | Gauntlet | Found a large runed translucent door.
 23931 | Gauntlet | Found a transporter.
 23936 | Gauntlet | Found a large runed translucent door.
 23936 | Gauntlet | Found a large runed translucent door.
 23937 | Gauntlet | Found a large runed translucent door.
 23937 | Gauntlet | Found a large runed translucent door.
 23937 | Gauntlet | Found a large runed translucent door.
 23937 | Gauntlet | Found a large runed translucent door.
 23940 | Gauntlet | Found a runed translucent gate.
 23940 | Gauntlet | Found a runed translucent gate.
 23940 | Gauntlet | Found a runed translucent gate.
 23942 | Gauntlet | Found a transporter.
 23952 | Gauntlet | Found a transporter.
 23952 | Gauntlet | Found a transporter.
 23955 | Gauntlet | Found a transporter.
 23982 | Gauntlet | Found a transporter.
 23989 | Gauntlet | Found a transporter.
 24025 | Gauntlet | Found a transporter.
 24040 | Gauntlet | Found a transporter.
 24054 | Gauntlet | Found a transporter.
 24155 | Gauntlet | Found a transporter.
 24171 | Gauntlet | Found a transporter.
 24258 | Gauntlet | Found a transporter.
 24272 | Gauntlet | Found a transporter.
 24272 | Gauntlet | Found a transporter.
 24285 | Gauntlet | Found a transporter.
 24348 | Gauntlet | Found a transporter.
 24350 | Gauntlet | Found a transporter.
 24358 | Gauntlet | Found a transporter.
 24366 | Gauntlet | Reached skill level 13 in Long Blades
 24366 | Gauntlet | Reached XP level 16. HP: 114/129 MP: 30/30
 24370 | Gauntlet | Found a transporter.
 24373 | Gauntlet | Identified the +1 cloak "Qaorgh" {rPois Stlth+}
 25161 | D:15     | Found a staircase to the Depths.
 25765 | Orc:1    | Entered Level 1 of the Orcish Mines
 26052 | Orc:1    | Found Yfylimei's Antique Armour Shop.
 26658 | Orc:2    | Entered Level 2 of the Orcish Mines
 26658 | Orc:2    | Found a radiant altar of Vehumet.
 26772 | Orc:2    | Reached ****** piety under Trog
 26913 | Orc:2    | Found a staircase to the Elven Halls.
 26991 | Orc:2    | Received a gift from Trog
 27552 | Orc:2    | Found Hohecel's Book Boutique.
 27552 | Orc:2    | Found Redegrew's Antique Armour Emporium.
 27554 | Orc:2    | Found Ituucwyi's Distillery.
 27556 | Orc:2    | Found Jesiemp's Weapon Shop.
 27692 | Orc:1    | Bought a pair of glowing boots for 277 gold pieces
 27756 | Orc:2    | Bought a faintly humming chain mail for 180 gold pieces
 27756 | Orc:2    | Identified the +0 chain mail of Egigaitou {rC+} (You bought
                  | it in a shop on level 2 of the Orcish Mines)
 27759 | Orc:2    | Bought a potion of experience for 600 gold pieces
 27759 | Orc:2    | Reached skill level 14 in Long Blades
 27759 | Orc:2    | Reached XP level 17. HP: 137/137 MP: 32/32
 27996 | Shoals:1 | Entered Level 1 of the Shoals
 28787 | Shoals:1 | Noticed a kraken
 28811 | Shoals:1 | Killed a kraken
 29062 | Shoals:1 | Found a runed translucent gate.
 29063 | Shoals:1 | Found a runed translucent gate.
 29064 | Shoals:1 | Found a runed translucent gate.
 29071 | Shoals:1 | Noticed Epa Xiel's ghost (adept DsWn)
 29120 | Shoals:1 | Reached skill level 10 in Conjurations
 29120 | Shoals:1 | Reached skill level 10 in Hexes
 29120 | Shoals:1 | Reached skill level 10 in Summonings
 29120 | Shoals:1 | Reached skill level 10 in Necromancy
 29120 | Shoals:1 | Reached skill level 10 in Translocations
 29120 | Shoals:1 | Reached skill level 10 in Fire Magic
 29120 | Shoals:1 | Reached skill level 10 in Ice Magic
 29120 | Shoals:1 | Reached skill level 10 in Air Magic
 29120 | Shoals:1 | Reached skill level 10 in Earth Magic
 29120 | Shoals:1 | Reached skill level 10 in Alchemy
 29122 | Shoals:1 | Received a gift from Trog
 29370 | Shoals:1 | Upgraded the game from 0.32-a0-834-geaf45d8e21 to
                  | 0.32-a0-841-g4648e6c457
 29437 | Shoals:2 | Noticed Ilsuiw
 29490 | Shoals:2 | Killed Ilsuiw
 30069 | Shoals:2 | Reached XP level 18. HP: 144/144 MP: 30/33
 30449 | Shoals:2 | Noticed Jorgrun
 30722 | Shoals:2 | Found Gyeczi's General Store.
 30826 | Shoals:2 | Found Aphufinn's Specific Store.
 31135 | Shoals:2 | Killed Jorgrun
 31386 | Shoals:3 | Noticed Mlioglotl
 31394 | Shoals:2 | Killed Mlioglotl
 31394 | Shoals:2 | Received a gift from Trog
 31395 | Shoals:2 | Reached skill level 15 in Long Blades
 31919 | Shoals:3 | Found a transporter.
 32259 | Shoals:3 | Found a transporter.
 32609 | Shoals:3 | Noticed jestert79's ghost (adept DrSh)
 32844 | Shoals:3 | Killed jestert79's ghost
 32866 | Shoals:3 | Identified the +1 pair of boots "Odicyel" {Dex+3}
 32915 | Shoals:4 | Entered Level 4 of the Shoals
 32988 | Shoals:4 | Received a gift from Trog
 34375 | Shoals:4 | Found Fionenio's Antique Weapon Shoppe.
 35955 | Shoals:4 | Reached XP level 19. HP: 146/152 MP: 32/35
 36130 | Shoals:4 | Received a gift from Trog
 36136 | Shoals:4 | Reached skill level 16 in Long Blades
 36318 | Shoals:4 | Got a barnacled rune of Zot
 36638 | D:5      | Bought the ring "Icov" {rElec rN+ Will+ Str+6 Int+3} for
                  | 793 gold pieces
 36788 | Spider:1 | Entered Level 1 of the Spider Nest
 38677 | Spider:1 | Received a gift from Trog
 39252 | Spider:2 | You fall into a shaft and drop 1 floor!
 40253 | Spider:2 | Identified the +5 ring mail of Disappointment {Rampage Fly
                  | rC+ Dex+5}
 40607 | Spider:2 | Received a gift from Trog
 41635 | Spider:3 | Reached skill level 17 in Long Blades
 41919 | Spider:3 | Reached XP level 20. HP: 143/161 MP: 35/37
 42731 | Spider:4 | Entered Level 4 of the Spider Nest
 42781 | Spider:4 | Reached skill level 15 in Fighting
 42781 | Spider:4 | Reached skill level 15 in Polearms
 43545 | Spider:4 | Received a gift from Trog
 44037 | Spider:4 | Reached skill level 15 in Invocations
 44240 | Spider:4 | Got a gossamer rune of Zot
 44596 | Elf:1    | Entered Level 1 of the Elven Halls
 44596 | Elf:1    | Noticed Asterion
 44605 | Elf:1    | Killed Asterion
 44823 | Elf:1    | Received a gift from Trog
 45307 | Elf:1    | Paralysed by an air elemental for 1 turns
 45777 | Elf:2    | Found a glowing golden altar of the Shining One.
 45788 | Elf:2    | Found a crumbling gateway.
 45790 | Elf:2    | Found a white marble altar of Elyvilon.
 45790 | Elf:2    | Found a glowing silver altar of Zin.
 45831 | Desolati | Entered the Desolation of Salt
 46044 | Desolati | Identified the +4 dagger of Maebogiw {flame, Dex+2}
 46073 | Desolati | Reached skill level 18 in Long Blades
 46367 | Desolati | Found the +8 frozen axe "Frostbite" {freeze, freezing
                  | cloud, *Noise Fly rC+}
 46412 | Desolati | Reached XP level 21. HP: 97/169 MP: 1/39
 46801 | Desolati | Received a gift from Trog
 46825 | Desolati | Reached skill level 15 in Armour
 46825 | Desolati | Reached skill level 15 in Dodging
 47380 | Desolati | Identified the +0 robe "Naasuink" {rElec Regen+}
 47552 | Desolati | Received a gift from Trog
 47599 | Desolati | Identified the +8 quarterstaff "Gnoll's Foe" {speed, rN+
                  | Stlth+}
 47630 | Desolati | Identified the amulet of Ceovunt {Reflect rElec rCorr Dex-2
                  | Slay+5 SH+5}
 47701 | Desolati | Identified the amulet of Kuloefitry {Rampage rF+ RegenMP+}
 48810 | Elf:2    | Found a runed translucent gate.
 48811 | Elf:2    | Found a runed translucent gate.
 48811 | Elf:2    | Found a runed translucent gate.
 49487 | Elf:2    | Reached skill level 19 in Long Blades
 49690 | Elf:3    | Entered Level 3 of the Elven Halls
 49717 | Elf:3    | Identified the +5 dagger of Yhout {venom, rPois Will-
                  | Dex+2}
 50522 | Elf:3    | Identified the +3 long sword of Trog's Anger {heavy, rN+}
                  | (Trog gifted it to you on level 3 of the Elven Halls)
 50522 | Elf:3    | Received a gift from Trog
 50541 | Elf:3    | Reached XP level 22. HP: 124/178 MP: 36/40
 50553 | Elf:3    | Reached skill level 15 in Short Blades
 50553 | Elf:3    | Reached skill level 15 in Axes
 50553 | Elf:3    | Reached skill level 15 in Maces & Flails
 50553 | Elf:3    | Reached skill level 15 in Staves
 50553 | Elf:3    | Reached skill level 15 in Ranged Weapons
 50553 | Elf:3    | Reached skill level 15 in Throwing
 50553 | Elf:3    | Reached skill level 15 in Stealth
 50553 | Elf:3    | Reached skill level 15 in Shields
 50553 | Elf:3    | Reached skill level 15 in Unarmed Combat
 50553 | Elf:3    | Reached skill level 15 in Spellcasting
 50553 | Elf:3    | Reached skill level 15 in Evocations
 50804 | Elf:3    | Identified the +9 dagger of the Lumpy Spines {flame, Int+5}
 50897 | Elf:3    | Received a gift from Trog
 50993 | Elf:3    | Identified the +2 hand axe of Xiyson {drain, rF- Int+4
                  | Dex+3}
 51132 | Elf:3    | Identified the +9 flail "Pemeqo" {antimagic, rC++}
 51508 | Elf:3    | Identified the staff of Tyhagent {rF+ Int+2 Fire}
 51820 | Vaults:1 | Entered Level 1 of the Vaults
 52613 | Vaults:1 | Noticed Zenata
 52624 | Vaults:1 | Killed Zenata
 53170 | Vaults:1 | Reached skill level 20 in Long Blades
 53366 | Vaults:1 | Received a gift from Trog
 55065 | Vaults:2 | Reached XP level 23. HP: 186/186 MP: 38/42
 55399 | Vaults:2 | Noticed Margery
 55412 | Vaults:2 | Received a gift from Trog
 55425 | Vaults:2 | Killed Margery
 56384 | Vaults:3 | Found a staircase to the Crypt.
 56384 | Vaults:3 | Found a basalt altar of Yredelemnul.
 56385 | Vaults:3 | Found an ancient bone altar of Kikubaaqudgha.
 56543 | Vaults:3 | Found a portal to a secret trove of treasure.
 56888 | Vaults:3 | Noticed Wiephyun's ghost (veteran GnHu)
 56949 | Vaults:3 | Received a gift from Trog
 57190 | Vaults:3 | Noticed Mara
 57193 | Vaults:3 | Noticed jejorda2's illusion
 57204 | Vaults:3 | Killed Mara
 57663 | Vaults:3 | Found a transporter.
 57665 | Vaults:3 | Found a one-way gate to the infinite horrors of the Abyss.
 57738 | Vaults:3 | Found a transporter.
 58697 | Vaults:4 | Found a flickering gateway to a bazaar.
 58716 | Bazaar   | Entered a bazaar
 58716 | Bazaar   | Found Kiguer's Armour Boutique.
 58716 | Bazaar   | Found Moleciok's Magic Scroll Shop.
 58716 | Bazaar   | Found Xiekhaur's Distillery.
 58716 | Bazaar   | Found Uppatoka's Jewellery Boutique.
 58716 | Bazaar   | Found Kiul's Magic Scroll Boutique.
 58733 | Bazaar   | Bought a scroll of enchant weapon for 60 gold pieces
 58737 | Bazaar   | Bought a potion of resistance for 110 gold pieces
 58739 | Bazaar   | Bought a scroll of silence for 142 gold pieces
 58739 | Bazaar   | Bought a scroll of enchant weapon for 112 gold pieces
 58744 | Bazaar   | Bought 2 potions of heal wounds for 110 gold pieces
 58744 | Bazaar   | Bought a potion of heal wounds for 55 gold pieces
 58758 | Vaults:4 | Found Cisureh's Distillery.
 59258 | Vaults:4 | Noticed Sojobo
 59262 | Vaults:4 | Received a gift from Trog
 59265 | Vaults:4 | Found Leirecel's Assorted Antiques.
 59265 | Vaults:4 | Paralysed by an air elemental for 1 turns
 59274 | Vaults:4 | Killed Sojobo
 59275 | Vaults:4 | Reached skill level 21 in Long Blades
 59275 | Vaults:4 | Reached skill level 15 in Shapeshifting
 59278 | Vaults:4 | HP: 6/182 [vault warden/bolt (5)]
 59594 | Vaults:4 | Found a runed translucent door.
 59594 | Vaults:4 | Found a shimmering altar of Xom.
 59594 | Vaults:4 | Noticed Feshunla's ghost (adept KoEn)
 59608 | Vaults:4 | Killed Feshunla's ghost
 60074 | Vaults:4 | Found Femekh's Antique Armour Shoppe.
 60075 | Vaults:4 | Found Tineghiu's Distillery.
 60250 | Vaults:5 | Entered Level 5 of the Vaults
 60288 | Vaults:5 | Reached XP level 24. HP: 183/195 MP: 40/43
 60371 | Vaults:5 | Identified the +4 ring mail of Pantheism {^Contam rN++
                  | SInv}
 60428 | Vaults:5 | HP: 6/192 [tengu reaver/+2 war axe of electrocution (11)]
 60840 | Vaults:5 | Received a gift from Trog
 60894 | Vaults:5 | Noticed a dread lich
 60912 | Vaults:5 | Identified the +5 fire dragon scales of Misanthropy {rF++
                  | rC- Dex+2}
 60915 | Vaults:5 | Killed a dread lich
 60919 | Vaults:5 | Identified the +4 long sword of Uncertain Death {holy,
                  | ^Fragile rElec rC+++ Int-4}
 60938 | Vaults:5 | Identified the +1 buckler "Tousch" {Fly Will+ Int+3}
 60938 | Vaults:5 | Identified the ring of Departure {Ice ^Drain rN+++ Dex+4
                  | Slay-5}
 61782 | Vaults:5 | Noticed a dread lich
 61790 | Vaults:5 | Killed a dread lich
 61945 | Vaults:5 | Identified the +0 flail of Vuprymnu {flame, Will+ Dex+3}
 61954 | Vaults:5 | Identified the +6 spear of Ambiguity {heavy, +Blink rElec
                  | Dex-2 SInv}
 61960 | Vaults:5 | Identified the orb of Relativism {*Rage, rCorr}
 62089 | Vaults:5 | Reached skill level 22 in Long Blades
 62425 | Vaults:5 | Received a gift from Trog
 62425 | Vaults:5 | Found the +7 captain's cutlass {speed, disarm}
 62472 | Vaults:5 | Reached XP level 25. HP: 204/204 MP: 42/44
 62732 | Vaults:5 | Identified the ring of Sloth {rElec rN++ AC+4}
 62770 | Vaults:5 | Identified the +1 whip of Ragnarok {freeze, *Corrode Str+6
                  | Int+2}
 62772 | Vaults:5 | Got a silver rune of Zot
 62819 | Vaults:5 | Acquired a manual of Throwing
 63170 | Orc:2    | Bought a potion of resistance for 120 gold pieces
 63587 | Vaults:3 | You paid a toll of 5 potions of resistance to enter a
                  | treasure trove
 63588 | Trove    | Entered a treasure trove
 63595 | Trove    | Identified the +5 executioner's axe "Meuhom" {venom, Will+
                  | rCorr Int-2 Dex+4}
 63599 | Trove    | Identified the +5 chain mail "Jistuc" {-Tele rPois rCorr
                  | Dex+5}
 63600 | Trove    | Identified the +3 great sword of Extermination {flame,
                  | ^Contam rElec rN+}
 63601 | Trove    | Identified the ring "Amonliug" {rElec rPois rN+ Will-
                  | Int+3}
 63609 | Trove    | Identified the ring of Optimism {rElec rN+ Dex+2}
 63617 | Trove    | Identified the amulet of Suspected Treachery {Acrobat Str-4
                  | Int+2 Dex+5}
 64139 | Slime:1  | Entered Level 1 of the Pits of Slime
 64492 | Slime:4  | Received a gift from Trog
 64558 | Slime:5  | Entered Level 5 of the Pits of Slime
 64575 | Slime:5  | Gained mutation: You are vulnerable to cold. (rC-) [a
                  | shining eye]
 64576 | Slime:5  | Gained mutation: You occasionally shout uncontrollably at
                  | your foes. [a shining eye]
 64702 | Slime:5  | Noticed the Royal Jelly
 64815 | Slime:5  | Killed the Royal Jelly
 65194 | Slime:5  | Identified the +5 scale mail "Kysch" {Str+3}
 65205 | Slime:5  | Identified the staff "Nesymazuq" {rElec rF+ Str-2 Int+4
                  | Fire Earth}
 65237 | Slime:5  | Got a slimy rune of Zot
 65243 | Slime:5  | Identified the staff "Gyupoing" {Fly rF+ rC+ Fire}
 65250 | Slime:5  | Identified the +14 crystal plate armour "Enweextutur" {rC+
                  | Str+3 Stlth+}
 65279 | Slime:5  | Gained mutation: You occasionally lose the ability to drink
                  | potions when taking damage. [a shining eye]
 65337 | Slime:5  | Identified the +1 plate armour of the Tangerine {rF- Str+3
                  | Slay+3 SInv}
 65805 | Vaults:1 | Lost mutation: You occasionally lose the ability to drink
                  | potions when taking damage. [potion of mutation]
 65805 | Vaults:1 | Lost mutation: You occasionally shout uncontrollably at
                  | your foes. [potion of mutation]
 65805 | Vaults:1 | Lost mutation: You are vulnerable to cold. (rC-) [potion of
                  | mutation]
 65805 | Vaults:1 | Gained mutation: Potions are less effective at restoring
                  | your health. [potion of mutation]
 65952 | Depths:1 | Entered Level 1 of the Depths
 65952 | Depths:1 | Found a shimmering altar of Xom.
 66470 | Depths:1 | You fall into a shaft and drop 1 floor!
 66563 | Depths:1 | Found a corrupted altar of Lugonu.
 66676 | Depths:1 | Received a gift from Trog
 66831 | Depths:1 | Reached skill level 15 in Conjurations
 66831 | Depths:1 | Reached skill level 15 in Hexes
 66831 | Depths:1 | Reached skill level 15 in Summonings
 66831 | Depths:1 | Reached skill level 15 in Necromancy
 66831 | Depths:1 | Reached skill level 15 in Translocations
 66831 | Depths:1 | Reached skill level 15 in Fire Magic
 66831 | Depths:1 | Reached skill level 15 in Ice Magic
 66831 | Depths:1 | Reached skill level 15 in Air Magic
 66831 | Depths:1 | Reached skill level 15 in Earth Magic
 66831 | Depths:1 | Reached skill level 15 in Alchemy
 66983 | Depths:1 | Noticed Nikola
 66992 | Depths:1 | Killed Nikola
 67218 | Depths:1 | Identified the +1 shortbow "Momotewn" {freeze, Int+5 Dex+3}
 67406 | Depths:1 | Found a gateway to Hell.
 67808 | Depths:1 | Reached skill level 23 in Long Blades
 67865 | Depths:1 | Identified the amulet of Tulips {Rampage rPois rF+ Regen+
                  | SInv}
 68071 | Depths:2 | Reached XP level 26. HP: 188/213 MP: 28/44
 68089 | Depths:2 | Received a gift from Trog
 68245 | Depths:2 | Identified the +1 scimitar of the Saviour {freeze, rF+
                  | Dex+5}
 68245 | Depths:2 | Identified the amulet "Xun Miun" {-Tele Will+ Regen+ Dex+3}
 68662 | Depths:2 | Found an iron altar of Okawaru.
 68820 | Depths:2 | Found a one-way gate leading to the halls of Pandemonium.
 69466 | Depths:3 | Found a one-way gateway to a ziggurat.
 69531 | Depths:3 | Received a gift from Trog
 69654 | Depths:3 | Noticed Mennas
 69852 | Depths:3 | Killed Mennas
 70187 | Depths:3 | Identified the +2 leather armour of the Ditch-Digger {rElec
                  | rPois Str-4}
 70685 | Depths:4 | Entered Level 4 of the Depths
 70734 | Depths:4 | Received a gift from Trog
 71144 | Depths:4 | Reached skill level 24 in Long Blades
 71333 | Depths:4 | Reached XP level 27. HP: 222/222 MP: 43/45
 72544 | Depths:4 | Found a gate to the Realm of Zot.
 72545 | Depths:4 | Found a stormy altar of Qazlal.
 72556 | Depths:4 | Identified the +6 fire dragon scales of Fae Happiness
                  | {-Cast rElec rF++ rC- rN+ rCorr Stlth--}
 72561 | Depths:4 | Identified the staff of Impatience {rF++ MP+9 Str+5 Stlth--
                  | Air Earth}
 72563 | Depths:4 | Identified the staff of True Grit {rC+ rN+ Dex+3 Stlth--
                  | Fire Ice}
 73025 | Vaults:4 | Bought 3 scrolls of enchant armour for 855 gold pieces
 73025 | Vaults:4 | Bought a scroll of enchant armour for 285 gold pieces
 73480 | Zot:1    | Entered Level 1 of the Realm of Zot
 73520 | Zot:1    | Received a gift from Trog
 74434 | Zot:1    | Found a runed translucent door.
 74434 | Zot:1    | Noticed Siopp's ghost (legendary DsFi)
 74449 | Zot:1    | Killed Siopp's ghost
 74449 | Zot:1    | Received a gift from Trog
 74451 | Zot:1    | Identified the +6 broad axe of Cheibriados, Imbibing {pain,
                  | ^Drain rPois rCorr SInv}
 74452 | Zot:1    | Identified the +1 robe "Byxkur" {^Contam rElec rN+ Str+3}
 74734 | Zot:1    | Noticed an orb of fire
 74747 | Zot:1    | Killed an orb of fire
 76041 | Zot:2    | Reached skill level 25 in Long Blades
 76336 | Zot:2    | Received a gift from Trog
 76933 | Zot:2    | Found a burning altar of Makhleb.
 77743 | Zot:2    | Identified the ring "Raado" {^Contam Will+ Int+4 Dex+6}
 78108 | Zot:2    | Identified the storm talisman of Fuopiol {rC+ Str+2}
 78321 | Zot:3    | Found the +4 dragonskin cloak {Aegis}
 78321 | Zot:3    | Noticed Tiamat
 78414 | Zot:3    | HP: 2/224 [black draconian knight/bolt of cold[Tiamat]
                  | (12)]
 78416 | Zot:3    | Killed from afar by a black draconian

Illustrated notes

Levels and vault maps discovered:
D:1:      lemuel_arrival_broad_hall, layout_rooms
D:2:      layout_loops_ring, basic_altar
D:3:      layout_rooms, minivault_19, uniq_terence, uniq_grinder, uniq_natasha,
          uniq_robin
D:4:      layout_loops_ring, kennysheep_small_circle, uniq_ijyb, uniq_sigmund
D:5:      layout_gridville, mainiacjoe_overflow_divided_tiny,
          mainiacjoe_overflow_alcove_1, serial_shops,
          nicolae_shop_back_alley_shop, minmay_mini_ossuary
D:6:      layout_basic, minmay_temple_entry_sparse_star, uniq_menkaure
D:7:      layout_loops_ring, kennysheep_mini_moat, serial_shops,
          nicolae_lakefront_shop
D:8:      layout_cave_pools, mainiacjoe_overflow_chevrons, david_lair_shrubbed,
          serial_shops, shop
D:9:      layout_basic, minivault_27, uniq_harold
D:10:     layout_roguey, chequers_serial_rivers_large_a
D:11:     layout_loops_corners, david_orc_5
D:12:     cheibrodos_barr_body, layout_irregular_city,
          gammafunk_ghost_fury_of_okawaru, statue_in_the_mist_lemuel
D:13:     layout_basic, grunt_vaults_entry_tiered
D:14:     layout_gridville, chequers_big_river, onia_ninara_dug_in_and_dangerous
D:15:     hangedman_depths_entry_civil_slaughter, layout_loops_ring,
          gauntlet_entry_generic, minmay_misc_feat_roman
Lair:1:   layout_roguey, chequers_serial_rivers_room_a, st_stairs_12,
          grunt_megastairs_3, infiniplex_staircase_pool_2
Lair:2:   layout_chaotic_city, nicolae_shoals_entry_flooding,
          bh_autumn_forest_stairs, nicolae_lair_lindhole, serial_bayou_shore_b,
          grunt_megastairs_5
Lair:3:   layout_gridlike, dummy_spider_entry, grunt_megastairs_2
Lair:4:   beargit_carnivore_pack, layout_small_grid,
          nzn_masters_of_martial_movement
Lair:5:   cheibrodos_lair_end_hotspot, layout_long_grid,
          nicolae_slime_entry_field_trip, portal_ice_cave_entry_pillars_2,
          dreamdust_gnoll_shepherd, uniq_sonja
Shoals:1: layout_shoals, gammafunk_ghost_necromancy,
          nicolae_shoals_hidden_pirate_stash
Shoals:2: layout_shoals, nicolae_specific_store, uniq_ilsuiw, uniq_jorgrun
Shoals:3: layout_shoals, gammafunk_ghost_berserking_beasts, uniq_mlioglotl
Shoals:4: shoals_end_hangedman, layout_shoals, shoals_ilsuiw_ice, serial_shops,
          nicolae_shop_tiny_glass, nicolae_tricolors
Spider:1: spiders_nest_a
Spider:2: layout_spider_delve, hellmonk_test_site
Spider:3: layout_spider_delve, nicolae_spider_jagged_tunnels
Spider:4: spider_rune_water, nicolae_spider_world_wide_web
Slime:1:  layout_caves
Slime:2:  layout_caves, uniq_dissolution
Slime:3:  layout_caves, nicolae_slime_phagocytosis
Slime:4:  layout_caves, nicolae_slime_round_cave
Slime:5:  slime_pit_nicolae_amoeboid
Orc:1:    layout_caves, serial_shops, shop
Orc:2:    st_orc_rangers, layout_caves, basic_altar
Elf:1:    layout_geoelf_grid, minmay_elf_demonology, st_stairs_7,
          minivault_25_ag, grunt_megastairs_1, uniq_asterion
Elf:2:    nicolae_elf_blades_crystal_corner, layout_geoelf_octagon,
          portal_desolation_entry_holy_temple
Elf:3:    minmay_elf_hall_four_x, layout_geoelf_octagon
Vaults:1: v_alt_pattern_3, v_misc_19, v_alt_pattern_2, hangedman_vaults_stream,
          nicolae_vaults_hallways_thing, ontoclasm_vaults_twist,
          vaults_room_grunt_arrival_checkpoint,
          nicolae_vaults_crenellated_ambush, vaults_room_grunt_arrival_ludios,
          nicolae_vaults_network_quincunx
          [nicolae_vaults_network_quincunx_subvault,
          nicolae_vaults_network_quincunx_subvault,
          nicolae_vaults_network_quincunx_subvault,
          nicolae_vaults_network_quincunx_subvault,
          nicolae_vaults_network_quincunx_subvault], layout_vaults_omnibox,
          uniq_zenata
Vaults:2: nicolae_vaults_closet_pinwheel_4, ontoclasm_vaults_bender,
          nicolae_vaults_offset_grid_hallway_2, nicolae_vaults_wine_cellar,
          nicolae_vaults_trapezoid_2, nicolae_vaults_tetromino_Z_2,
          nicolae_vaults_gold_heap, layout_vaults_omnicross, uniq_margery
Vaults:3: gammafunk_ghost_abyssal_escape, minmay_crypt_entry_necro_gods,
          nicolae_vaults_security_offices_2, nicolae_vaults_yaktaur_gun_rack,
          nicolae_vaults_double_plus_2, grunt_vaults_swirl,
          nicolae_vaults_little_squares_1, vaults_dpeg_encased_lava,
          layout_vaults_omnigrid, trove_entry_hex_spiral, uniq_mara
Vaults:4: ebering_ghost_xom, nicolae_vaults_sightless_eye, vaults_room_fours,
          hangedman_vaults_hat, nicolae_vaults_offset_grid_hallway_4, v_misc_22,
          minmay_orc_keep, nicolae_vaults_little_squares_4,
          serial_library_hellmonk_semicircle, vaults_room_corners,
          layout_vaults_maze_snakey, serial_shops, bzr_entry_dummy,
          nicolae_lakefront_shop, nicolae_shop_tiny_glass, shop, shop,
          uniq_sojobo
Vaults:5
Depths:1: minmay_the_grid_3x3 [minmay_the_grid_airy, minmay_the_grid_odd_star,
          minmay_the_grid_armoury, minmay_the_grid_slots,
          minmay_the_grid_medium_cups, minmay_the_grid_minigrid_small_alt,
          minmay_the_grid_stretched_grid, minmay_the_grid_outer_circle,
          minmay_the_grid_prize_shrinking_boxes], layout_cave_pools,
          glass_columns_b, hell_entry, abyss_entry_flame_altar,
          serial_column_ruins, column_ruins_grid_3,
          column_ruins_columns_straight, column_ruins_grid_1,
          column_ruins_open_tiny, st_stairs_7, minivault_14, xom_teletrap_fun,
          uniq_nikola
Depths:2: grunt_crosshair, layout_cross, pf_hell_entry_tar_spiral,
          abyss_entry_crystal, grunt_pan_entry_in_and_out,
          hellmonk_okawaru_the_only_friend_you_need
Depths:3: nicolae_fronds_of_death, layout_cave_pools, enter_ziggurat_c,
          regret_index_abyss_entry_earlier_magic, hangedman_geh_valley,
          uniq_mennas
Depths:4: regret_index_qazlal_generations, layout_gridlike,
          grunt_hell_entry_dis_grunt, nicolae_abyss_entry_one_way_or_another,
          rand_demon_pan_entry_3, chequers_jeans
Zot:1:    regret_index_malice_mire, layout_misc_corridors,
          gammafunk_ghost_grave, skrybe_zot_glass_2, zot_minivault_2
Zot:2:    minmay_elemental_castle, layout_twisted_circle,
          regret_index_zotdec_icy_dp
Zot:3:    layout_onion_interference, regret_index_zotdec_twisting_globes,
          uniq_tiamat

Skill      XL: |  1  2  3  4  5  6  7  8  9 10 11 12 13 14 15 16 17 18 19 20 21 22 23 24 25 26 27 |
---------------+----------------------------------------------------------------------------------+-----
Invocations    | 1 2 3 4 5 6 7 8 9 10 11 12 13 14 15 16 17 18 19 21 | 21.0
Short Blades   | 1 2 3 5 6 7 8 9 10 11 12 13 14 15 16 17 18 19 | 19.4
Long Blades    | 1 2 3 5 6 7 8 10 11 13 14 15 17 18 19 20 21 22 23 24 25 | 25.3
Axes           | 1 2 3 5 6 7 8 9 10 11 12 13 14 15 16 17 18 19 | 19.4
Maces & Flails | 1 2 3 5 6 7 8 9 10 11 12 13 14 15 16 17 18 19 | 19.4
Staves         | 1 2 3 5 6 7 8 9 10 11 12 13 14 15 16 17 18 19 | 19.4
Ranged Weapons | 1 2 3 5 6 7 8 9 10 11 12 13 14 15 16 17 18 19 | 19.4
Throwing       | 1 2 3 5 6 7 8 9 10 11 12 13 14 15 16 17 18 19 21 | 21.4
Stealth        | 1 2 3 5 6 7 8 9 10 11 12 13 14 15 16 17 18 19 | 19.4
Shields        | 1 2 3 5 6 7 8 9 10 11 12 13 14 15 16 17 18 19 | 19.4
Unarmed Combat | 1 2 3 5 6 7 8 9 10 11 12 13 14 15 16 17 18 19 21 | 21.2
Spellcasting   | 1 2 3 5 6 7 8 9 10 11 12 13 14 15 16 17 18 19 | 19.4
Evocations     | 1 2 3 5 6 7 8 9 10 11 12 13 14 15 16 17 18 19 | 19.4
Shapeshifting  | 1 2 3 4 5 6 7 8 9 10 11 12 13 14 15 16 17 | 17.9
Conjurations   | 1 2 3 4 5 6 7 8 9 10 11 12 13 14 15 16 | 16.5
Hexes          | 1 2 3 4 5 6 7 8 9 10 11 12 13 14 15 16 | 16.5
Summonings     | 1 2 3 4 5 6 7 8 9 10 11 12 13 14 15 16 | 16.5
Necromancy     | 1 2 3 4 5 6 7 8 9 10 11 12 13 14 15 16 | 16.5
Translocations | 1 2 3 4 5 6 7 8 9 10 11 12 13 14 15 16 | 16.5
Fire Magic     | 1 2 3 4 5 6 7 8 9 10 11 12 13 14 15 16 | 16.5
Ice Magic      | 1 2 3 4 5 6 7 8 9 10 11 12 13 14 15 16 | 16.5
Air Magic      | 1 2 3 4 5 6 7 8 9 10 11 12 13 14 15 16 | 16.5
Earth Magic    | 1 2 3 4 5 6 7 8 9 10 11 12 13 14 15 16 | 16.5
Alchemy        | 1 2 3 4 5 6 7 8 9 10 11 12 13 14 15 16 | 16.5
Armour         | 5 6 7 8 9 10 11 12 13 14 15 16 17 18 19 | 19.8
Dodging        | 5 6 7 8 9 10 11 12 13 14 15 16 17 18 19 | 19.8
Fighting       | 7 8 9 10 11 12 13 14 15 16 17 18 19 20 | 20.3
Polearms       | 7 8 9 10 11 12 13 14 15 16 17 18 19 20 | 20.3

Action                     |  1- 3 |  4- 6 |  7- 9 | 10-12 | 13-15 | 16-18 | 19-21 | 22-24 | 25-27 || total
---------------------------+-------+-------+-------+-------+-------+-------+-------+-------+-------++-------
  Melee: Spear             |   103 |    82 |       |       |       |       |       |       |       ||   185
         Bite              |     7 |    12 |    34 |    63 |   141 |    73 |   151 |   166 |   285 ||   932
         Trident           |       |    83 |    88 |       |       |       |       |       |       ||   171
         Halberd           |       |       |   237 |       |       |       |       |       |       ||   237
         Dire flail        |       |       |    94 |       |       |       |       |       |       ||    94
         Morningstar       |       |       |       |   150 |       |       |       |       |       ||   150
         Broad axe         |       |       |       |     2 |       |       |   306 |   653 |   863 ||  1824
         Demon trident     |       |       |       |   406 |  1137 |  1092 |   987 |   344 |   678 ||  4644
         Unarmed           |       |       |       |       |       |       |       |     9 |       ||     9
  Throw: Javelin           |       |       |     4 |     6 |     9 |       |     6 |     8 |    47 ||    80
         Dart              |       |       |       |     8 |    16 |     7 |    36 |     6 |       ||    73
         Boomerang         |       |       |       |       |       |    98 |   236 |    22 |     2 ||   358
         Throwing net      |       |       |       |       |       |     2 |       |       |       ||     2
 Invoke: Berserk           |     2 |     2 |     4 |    11 |    24 |    17 |    20 |    13 |    15 ||   108
         Trog's Hand       |       |     2 |     3 |     6 |    10 |    13 |     6 |    13 |    11 ||    64
         Brothers in Arms  |       |       |     1 |       |     2 |     1 |     4 |       |       ||     8
  Evoke: Wand              |       |       |       |       |     4 |       |     3 |       |     1 ||     8
         Tin of tremorston |       |       |       |       |       |     2 |     2 |     2 |     2 ||     8
    Use: Scroll            |       |       |    16 |    12 |    11 |     8 |    12 |    10 |    16 ||    85
         Potion            |       |       |       |     1 |     2 |    11 |    11 |     4 |     8 ||    37
   Stab: Sleeping          |       |       |       |       |     3 |     5 |     9 |     4 |     3 ||    24
         Distracted        |       |       |       |       |     2 |     2 |    20 |    22 |    36 ||    82
         Paralysed         |       |       |       |       |     2 |       |       |       |       ||     2
         Invisible         |       |       |       |       |       |       |     2 |       |       ||     2
         Petrified         |       |       |       |       |       |       |       |       |     4 ||     4
 Armour: Animal skin       |     9 |       |       |       |       |       |       |       |       ||     9
         Chain mail        |    14 |    95 |   225 |   382 |   812 |   811 |   741 |       |       ||  3080
         Plate armour      |       |       |   109 |    24 |       |       |    47 |   428 |    67 ||   675
         Skin              |       |       |       |       |       |       |       |     1 |       ||     1
         Crystal plate arm |       |       |       |       |       |       |       |       |   702 ||   702
  Dodge: Dodged            |    35 |    78 |   177 |   213 |   390 |   416 |   452 |   145 |   302 ||  2208
  Block: Kite shield       |       |       |       |   118 |   275 |   869 |    27 |       |       ||  1289
         Buckler           |       |       |       |    66 |   100 |       |       |       |       ||   166
         Tower shield      |       |       |       |       |   128 |       |  1156 |   864 |  1510 ||  3658
         Reflection        |       |       |       |       |       |       |    19 |    74 |    31 ||   124
         Other             |       |       |       |       |       |       |       |     2 |       ||     2

Table legend: (Time is in decaauts)
 A = Elapsed time spent in this place.
 B = Non-inter-level travel time spent in this place.
 C = Inter-level travel time spent in this place.
 D = Time resting spent in this place.
 E = Time spent auto-exploring this place.
 F = Levels seen in this place.
 G = Mean time per level.
                   A        B        C        D        E       F      G
               +--------+--------+--------+--------+--------+-----+--------+
         Total |  79733 |  71041 |   8692 |  12098 |  41201 |  55 | 1449.7 |
       Dungeon |  18210 |  15166 |   3044 |   1289 |  10579 |  15 | 1214.0 |
          Lair |   9638 |   8669 |    969 |   1073 |   5662 |   5 | 1927.6 |
        Shoals |   8767 |   8238 |    529 |   1819 |   4210 |   4 | 2191.8 |
   Spider Nest |   7229 |   6775 |    454 |   1406 |   3715 |   4 | 1807.2 |
    Slime Pits |   1354 |   1267 |     87 |    726 |    142 |   5 |  270.8 |
  Orcish Mines |   2327 |   1817 |    510 |    102 |   1177 |   2 | 1163.5 |
   Elven Halls |   5252 |   4919 |    333 |    883 |   2761 |   3 | 1750.7 |
        Vaults |  11438 |   9664 |   1774 |   1920 |   5417 |   5 | 2287.6 |
        Depths |   6954 |   6221 |    733 |   1178 |   3433 |   4 | 1738.5 |
           Zot |   4438 |   4184 |    254 |    660 |   2429 |   3 | 1479.3 |
        Bazaar |     32 |     32 |      0 |      0 |     12 |   1 |   32.0 |
         Trove |     49 |     49 |      0 |      0 |      0 |   1 |   49.0 |
      Ice Cave |   1254 |   1254 |      0 |    464 |    329 |   1 | 1254.0 |
    Desolation |   2051 |   2051 |      0 |    479 |    917 |   1 | 2051.0 |
      Gauntlet |    733 |    733 |      0 |     94 |    415 |   1 |  733.0 |
               +--------+--------+--------+--------+--------+-----+--------+

Top non-repeatable levels by time:
Vaults:1: 3258 daAuts
Shoals:3: 2720 daAuts
Shoals:4: 2566 daAuts
Vaults:5: 2546 daAuts
    D:13: 2395 daAuts
Vaults:3: 2276 daAuts
   Zot:2: 2235 daAuts
Spider:2: 2213 daAuts
  Lair:3: 2193 daAuts
Depths:4: 2180 daAuts
  Lair:5: 2135 daAuts
    D:11: 2087 daAuts
  Lair:1: 2058 daAuts
Desolation: 2051 daAuts
  Lair:2: 2044 daAuts
